 Adventure DCSS version bcrawl-1.19.2-6-g6a88ae04c9 (webtiles) character file.

Game seed: 11224360459679633751

2961 pasperui the Thaumaturge (level 9, -2/52 HPs)
             Began as a Skeleton Necromancer on Nov 12, 2019.
             Was an Elder of Okawaru.
             Slain by an orc warrior
             ... wielding a +0 glaive
              (17 damage)
             ... in a bailey on Dec 21, 2019.
             The game lasted 01:00:52 (9159 turns).

pasperui the Thaumaturge (Skeleton Necromancer)     Turns: 9159, Time: 01:00:53

Health: -2/52      AC:  7    Str: 15      XL:     9   Next: 52%
Magic:  0/22       EV: 17    Int: 17      God:    Okawaru [****..]
Gold:   515        SH:  1    Dex:  4 (9)  Spells: 16/26 levels left
                                        Lives:  0   Deaths: 2

rFire    . . .     SeeInvis .   H - +0 long sword
rCold    + . .     Gourm    .   (no shield)
rNeg     + + +     Faith    .   O - +0 troll leather armour
rPois    ∞         Spirit   +   (no helmet)
rElec    .         Reflect  .   (no cloak)
rCorr    .         Harm     .   y - +1 pair of gloves
MR       ++...                  (no boots)
Stlth    ++++......             e - amulet of magic regeneration
HPRegen  0.57/turn              k - ring of protection from magic
MPRegen  0.43/turn              L - +4 ring of evasion

@: heroism
A: no food or potions, cold resistance 1, deterioration 1, negative energy
resistance 3, powered by death 1, torment resistance, unbreathing, magic shield,
sturdy frame 1, spell healing
a: Heroism, Renounce Religion


You were in a bailey.
You worshipped Okawaru.
Okawaru was greatly pleased with you.
You were not hungry.

You visited 2 branches of the dungeon, and saw 10 of its levels.
You also visited: Bailey.

You collected 515 gold pieces.

Inventory:

Hand Weapons
 a - a +0 dagger
 p - a -2 dagger
 u - a +0 mace
 x - a +0 trident
 F - a +0 battleaxe
 H - a +0 long sword (weapon)
 Q - a +0 halberd of flaming
 R - a +0 bardiche
Missiles
 m - 1826 bolts
 n - 1648 stones
 o - 638 arrows
 s - 53 curare-tipped needles
 w - 134 tomahawks (quivered)
 C - 91 sling bullets
 E - 65 poisoned needles
Armour
 b - a +0 robe
 c - a +0 robe
 i - a +0 ring mail
 y - a +1 pair of gloves (worn)
 A - a +0 shield
 G - a +2 chain mail of fire resistance
 I - a +1 robe of fire resistance
 O - a +0 troll leather armour (worn)
 S - a +0 crystal plate armour
Jewellery
 e - an amulet of magic regeneration (around neck)
 f - an uncursed amulet of the acrobat
 k - a ring of protection from magic (left hand)
 l - an uncursed ring of poison resistance
 v - an uncursed ring of stealth
 z - an uncursed amulet of regeneration
 L - a +4 ring of evasion (right hand)
Wands
 J - a wand of disintegration (13)
 K - a wand of paralysis (8)
Scrolls
 d - 5 scrolls of teleportation
 g - 4 scrolls of identify
 h - 2 scrolls of remove curse
 j - a scroll of magic mapping {unknown}
 q - a scroll of blinking {unknown}
 r - a scroll of noise {unknown}
 t - 2 scrolls of amnesia {unknown}
 B - 2 scrolls of fear {unknown}
 D - 2 scrolls of enchant armour {unknown}
 M - a scroll of immolation {unknown}
 N - a scroll of enchant weapon {unknown}
 P - a scroll of acquirement {unknown}


   Skills:
 - Level 4.0(9.0) Fighting
 - Level 7.0(12.0) Long Blades
 - Level 4.0(9.0) Throwing
 - Level 2.4(7.4) Armour
 - Level 3.7(8.7) Dodging
 - Level 5.0(10.0) Stealth
 * Level 9.2 Spellcasting
 - Level 7.6 Conjurations
 - Level 8.1 Necromancy


You had 16 spell levels left.
You knew the following spells:

 Your Spells              Type           Power        Failure   Level  Hunger
a - Pain                  Necr           #####.       1%          1    N/A
b - Animate Skeleton      Necr           N/A          1%          1    N/A
c - Vampiric Draining     Necr           #####.....   1%          3    N/A
d - Bolt of Draining      Conj/Necr      ####......   11%         5    N/A

Your spell library contained the following spells:

 Spells                   Type           Power        Failure   Level  Hunger
 Animate Dead             Necr           N/A          3%          4    N/A
 Regeneration             Chrm/Necr      Unusable     N/A         3    N/A

Dungeon Overview and Level Annotations

Branches:
Dungeon (9/12)             Temple (1/1) D:6            Lair (0/6) D:8
    Orc (0/1) D:8

Altars:
Ashenzari
Cheibriados
Dithmenos
Elyvilon
Fedhas
Gozag
Hepliaklqana
Kikubaaqudgha
Makhleb
Nemelex Xobeh
Okawaru
Qazlal
Ru
Sif Muna
Trog
Uskayaw
Vehumet
Yredelemnul
Zin
The Shining One

Shops:
D:4 !   D:8 [

Annotations:
D:2 exclusion: oklob plant
D:3 Sigmund


Innate Abilities, Weirdness & Mutations

You do not eat or drink.
You are immune to poison.
Your flesh is cold resistant. (rC+)
Your body sometimes deteriorates upon taking damage.
You are immune to negative energy. (rN+++)
You regenerate a little health from kills.
You are immune to unholy pain and torment.
You can survive without breathing.
When hurt, damage is shared between your health and your magic reserves.
Your movements are slightly less encumbered by armour. (ER -2)
Casting spells heals you.


Message History

You open the door.
An orc warrior comes into view. It is wielding a +0 glaive.
The orc warrior shouts!
The orc warrior hits you from afar with a +0 glaive!!
The orc warrior hits you with a +0 glaive!
There is an open door here.
You gain the combat prowess of a mighty hero.
The orc warrior hits you with a +0 glaive!
* * * LOW HITPOINT WARNING * * *
Casting: Animate Skeleton (safe; 1% risk of failure)
Confirm with . or Enter, or press ? or * to list all spells.
You don't have enough magic to cast that spell.
Unknown command.
Unknown command.
You closely miss the orc warrior. You barely miss the orc warrior.
You block the orc warrior's attack.
You barely miss the orc warrior. You barely miss the orc warrior.
The orc warrior hits you with a +0 glaive!!
You die...

.^..≈...)..........[≈).^..≈......
#.∩#≈...[...........≈#∩.##≈......
#.#≈≈......###......≈≈#.#≈≈......
≈≈≈≈....#########....≈≈≈≈≈.....
.......##.......##.............
......##..#'#'#..##............
......#..##)#%##..#....)........
.....##.#########.##.............
.....##.'.# #o@Z##.............
....[##)### ###.##.............
.....##.')# +.##.............
.....##.### ##.##.............
.....##..# ##..#..............
.........##+++#..##..............
.........##.....##...............
≈≈≈≈.....##....##....≈≈≈≈≈.......
#.#≈≈....#######....≈≈#)#≈≈......


You could see an orc warrior and a friendly orc warrior skeleton.

Vanquished Creatures
  A two-headed ogre (D:8)
  A troll (D:8)
  2 hornets (D:7)
  A water moccasin (D:7)
  Duvessa (D:7)
  8 orc warriors
  2 sky beasts
  A black bear (D:7)
  3 ogres
  A hornet zombie (D:8)
  A wolf (D:8)
  3 phantoms
  A centaur (D:8)
  A gnoll sergeant (D:6)
  A scorpion (D:5)
  9 killer bees
  2 howler monkeys
  An electric eel (D:8)
  A crimson imp (D:7)
  A centaur zombie (D:8)
  6 hounds
  An orc priest (D:6)
  A jelly (D:5)
  4 orc wizards
  6 worker ants
  A killer bee zombie (D:8)
  3 hound skeletons
  8 adders
  4 gnolls
  A shadow imp (D:5)
  4 oozes
  7 worms
  A dart slug (D:2)
  7 leopard geckos
  35 orcs
  2 giant cockroaches (D:1)
  5 hobgoblins
  5 jackals
  7 kobolds
  A quokka (D:3)
  4 bats
  3 frilled lizards
  3 goblins
  3 rats
164 creatures vanquished.

Vanquished Creatures (collateral kills)
  A sky beast (D:6)
  Dowan (D:7)
  An electric eel (D:8)
  2 crimson imps
  A centaur skeleton (D:3)
  A hound (D:8)
  A worker ant (D:8)
  An adder (D:6)
  A shadow imp (D:6)
  An adder zombie (D:5)
  A worm (D:2)
  An orc (D:7)
  A ball python (D:2)
  A giant cockroach (D:2)
  A jackal (D:1)
  2 quokkas
18 creatures vanquished.

Vanquished Creatures (others)
  A jackal (D:3)
1 creature vanquished.

Grand Total: 183 creatures vanquished

Notes
Turn   | Place    | Note
-------+----------+-------------------------------------------
     0 | D:1      | pasperui the Skeleton Necromancer began the quest for the
                  | Orb.
     0 | D:1      | Reached XP level 1. HP: 10/10 MP: 4/4
   117 | D:1      | Learned a level 1 spell: Animate Skeleton
   130 | D:1      | Reached skill level 4 in Spellcasting
   130 | D:1      | Reached XP level 2. HP: 15/15 MP: 4/7
   783 | D:1      | Reached XP level 3. HP: 11/19 MP: 5/9
  1043 | D:1      | Reached skill level 5 in Spellcasting
  1219 | D:2      | Reached skill level 1 in Fighting
  1484 | D:1      | Reached XP level 4. HP: 25/25 MP: 2/11
  1516 | D:2      | Reached skill level 5 in Necromancy
  1767 | D:2      | Found a blossoming altar of Fedhas.
  1777 | D:2      | Noticed an oklob plant
  1936 | D:3      | Noticed Sigmund
  2086 | D:3      | Reached skill level 1 in Armour
  2086 | D:3      | Reached XP level 5. HP: 29/29 MP: 7/12
  2183 | D:3      | Found a stormy altar of Qazlal.
  2824 | D:4      | Reached skill level 1 in Throwing
  2824 | D:4      | Gained mutation: You regenerate a little health from kills.
                  | [Skeleton growth]
  2824 | D:4      | Reached XP level 6. HP: 33/35 MP: 8/13
  2966 | D:4      | Found Caohack's Distillery.
  3006 | D:4      | Found an opulent altar of Gozag.
  3054 | D:5      | Entered Level 5 of the Dungeon
  3612 | D:5      | Reached skill level 5 in Stealth
  3886 | D:5      | Reached XP level 7. HP: 40/40 MP: 10/14
  4850 | D:6      | Reached skill level 6 in Spellcasting
  4921 | D:6      | Reached XP level 8. HP: 41/48 MP: 17/17
  5081 | D:6      | Reached skill level 7 in Spellcasting
  5246 | D:6      | Reached skill level 8 in Spellcasting
  5335 | D:6      | Found a staircase to the Ecumenical Temple.
  5358 | Temple   | Entered the Ecumenical Temple
  5520 | Temple   | Became a worshipper of Warmaster Okawaru
  5895 | D:6      | Reached skill level 1 in Long Blades
  6100 | D:6      | Found a burning altar of Makhleb.
  6100 | D:6      | Found a sacrificial altar of Ru.
  6215 | D:7      | Noticed a hornet
  6237 | D:7      | HP: 1/48 [hornet (7)]
  6238 | D:7      | Mangled by a hornet
  6239 | D:7      | Reached XP level 7. HP: -10/43 MP: 0/18
  6308 | D:7      | Upgraded the game from bcrawl-1.19 to
                  | bcrawl-1.19.2-6-g6a88ae04c9
  6330 | D:7      | Noticed Duvessa
  6368 | D:7      | Killed Duvessa
  6368 | D:7      | Reached * piety under Okawaru
  6368 | D:7      | Reached XP level 8. HP: 16/48 MP: 13/20
  6380 | D:7      | Noticed Dowan
  6396 | D:7      | Killed Dowan
  6598 | D:7      | Noticed a hornet
  6609 | D:7      | Killed a hornet
  6669 | D:7      | Killed a hornet
  6669 | D:7      | Reached skill level 5 in Long Blades
  6866 | D:7      | Learned a level 3 spell: Vampiric Draining
  6909 | D:8      | Reached ** piety under Okawaru
  6927 | D:8      | Found a staircase to the Orcish Mines.
  7208 | D:8      | Noticed a two-headed ogre
  7468 | D:8      | Noticed a troll
  7559 | D:8      | Reached XP level 9. HP: 50/52 MP: 17/21
  7721 | D:8      | Killed a troll
  7925 | D:8      | Learned a level 5 spell: Bolt of Draining
  7938 | D:8      | Reached skill level 1 in Conjurations
  7948 | D:8      | Found Zuthoc's Armour Emporium.
  7996 | D:8      | Mangled by a two-headed ogre
  7997 | D:8      | Reached XP level 8. HP: -6/48 MP: 0/20
  8025 | D:8      | Found a staircase to the Lair.
  8191 | D:8      | Reached *** piety under Okawaru
  8209 | D:8      | Reached skill level 5 in Conjurations
  8381 | D:8      | Killed a two-headed ogre
  8381 | D:8      | Reached **** piety under Okawaru
  8381 | D:8      | Reached XP level 9. HP: 42/52 MP: 5/21
  8619 | D:9      | Found a flagged portal.
  8631 | Bailey   | Entered a bailey
  9114 | Bailey   | Reached skill level 9 in Spellcasting
  9159 | Bailey   | Slain by an orc warrior

Skill      XL: |  1  2  3  4  5  6  7  8  9 |
---------------+----------------------------+-----
Spellcasting   | 4 5 6 8 9 |  9.2
Fighting       | 1 2 4 |  4.0
Necromancy     | 5 8 |  8.1
Stealth        | 3 5 |  5.0
Armour         | 1 2 |  2.4
Throwing       | 1 2 4 |  4.0
Dodging        | 3 |  3.7
Long Blades    | 7 |  7.0
Conjurations   | 7 1 |  7.6

Action                   |  1- 3 |  4- 6 |  7- 9 || total
-------------------------+-------+-------+-------++-------
Melee: Dagger            |    89 |   189 |   113 ||   391
       Mace              |       |       |    96 ||    96
       Long sword        |       |       |   342 ||   342
       Battleaxe         |       |       |     3 ||     3
Throw: Stone             |       |     6 |    51 ||    57
       Tomahawk          |       |       |     7 ||     7
 Cast: Pain              |    79 |   126 |   305 ||   510
       Animate Skeleton  |    11 |    11 |    27 ||    49
       Vampiric Draining |       |       |    16 ||    16
Invok: Heroism           |       |       |     4 ||     4
  Use: Scroll            |       |     4 |     1 ||     5
 Stab: Sleeping          |     8 |     1 |     4 ||    13
       Distracted        |       |     2 |     1 ||     3
Armor: Robe              |    16 |     4 |    32 ||    52
       Ring mail         |       |    64 |   124 ||   188
       Troll leather arm |       |       |    12 ||    12
Dodge: Dodged            |    66 |   125 |   451 ||   642
Block: Other             |       |       |     4 ||     4
